 Dungeon Sprint DCSS version 0.17-a0-1651-gae1a69f (webtiles) character file.

322 Kidiri the Covert (level 6, -2/28 HPs)
             Began as a Spriggan Enchanter on Aug 14, 2015.
             Was an Initiate of Dithmenos.
             Slain by a spatial vortex (5 damage)
             ... in the Dungeon (Sprint III: "The Ten Rune Challenge").
             The game lasted 00:03:05 (607 turns).

Kidiri the Covert (Spriggan Enchanter)               Turns: 607, Time: 00:03:06

Health: -2/28      AC:  8    Str:  4    XL:     6   Next: 22%
Magic:  0/17       EV: 26    Int: 18    God:    Dithmenos [......]
Gold:   21         SH:  0    Dex: 19    Spells: 5 memorised, 8 levels left

rFire  . . .     SeeInvis +     k - +2 dagger (protect)
rCold  . . .     Clarity  .     b - +1 robe
rNeg   . . .     SustAt   .     (shield restricted)
rPois  .         Gourm    .     (helmet restricted)
rElec  .         Spirit   .     (no cloak)
rCorr  .         Warding  .     (gloves unavailable)
rMut   .         NoTele   +     (boots unavailable)
MR     +....                    (no amulet)
Stlth  +++++.....               (no ring)
                                (no ring)

@: very slightly contaminated, very quick, somewhat resistant to hostile
enchantments, quite stealthy
A: unfitting armour, antennae 1, see invisible, agile 1, herbivore 3, speed 3,
sense surroundings 1, slow metabolism 2
a: Renounce Religion


You were in the Dungeon.
You worshipped Dithmenos.
Dithmenos was noncommittal.
You were not hungry.

You visited 1 branch You collected 21 gold pieces.

Inventory:

Hand weapons
 k - a +2 dagger of protection (weapon)
Armour
 b - a +1 robe (worn)
Scrolls
 j - a scroll of blinking
 m - a scroll of torment
 o - 2 scrolls of remove curse
 s - a scroll of holy word {unknown}
 t - a scroll of enchant armour {unknown}
Potions
 e - a potion of curing
 f - a potion of heal wounds
 g - a potion of haste
 h - 2 potions of magic
 q - 2 potions of cure mutation
 r - 2 potions of flight
Comestibles
 d - a bread ration
 p - 3 royal jellies


   Skills:
 + Level 4.6 Short Blades
 * Level 9.1 Dodging
 * Level 10.5 Stealth
 * Level 7.7 Spellcasting
 + Level 2.2 Conjurations
 + Level 6.2 Hexes
 + Level 2.9 Ice Magic
 + Level 0.0 Invocations


You had 8 spell levels left.
You knew the following spells:

 Your Spells              Type           Power        Failure   Level  Hunger
a - Corona                Hex            ####...      1%          1    None
b - Ensorcelled Hibernat  Hex/Ice        ###...       1%          2    None
c - Confuse               Hex            ####....     2%          3    #......
d - Tukima's Dance        Hex            ####....     2%          3    #......
e - Dazzling Spray        Conj/Hex       ###.....     6%          3    #......


Dungeon Overview and Level Annotations

Branches:
Dungeon (1/1)

Altars:
Dithmenos
Gozag
Makhleb
Nemelex Xobeh
Qazlal
Ru
Xom
Jiyva
Lugonu


Innate Abilities, Weirdness & Mutations

You are tiny and cannot use many weapons and most armour.
You have supernaturally acute eyesight.
You are a herbivore.
You cover ground extremely quickly.
You need consume almost no food.
You have a pair of small antennae on your head.
You are agile. (Dex +2)
You passively map a small area around you.


Message History

You hit the spatial vortex.
The spatial vortex is almost destroyed.
The spatial vortex completely misses you.
You hit the spatial vortex.
The spatial vortex is almost destroyed.
The spatial vortex misses you.
Casting: Dazzling Spray
Confirm with . or Enter, or press ? or * to list all spells.
Aiming: Dazzling Spray
Press: ? - help, Shift-Dir - straight line, f/p - spatial vortex
Aim: a spatial vortex (almost destroyed)
The spray of energy hits the spatial vortex.
The spatial vortex is almost destroyed.
You completely miss the spatial vortex.
The spatial vortex is almost destroyed.
The spatial vortex hits you!!
Ouch! That really hurt!
* * * LOW HITPOINT WARNING * * *
Space bends around you.
You die...

▓▓▓ * * ##.# * *
####..# * _, , *
#:.#..#{ , * , , ,
#..#..###+#+###+##
##+#..#.........v#
,, ,
###...'.⌠.......@#,
,
###...#...######'#
,
##....#.⌠.#__#...#
**
#.....#...#__#...#
,, *
......#+###__#...#
,, #.....# ,
#__#...+ ##....# _
#_.'...# * ▓▓▓▓▓▓**
▓▓▓▓▓▓▓▓ * ≈ ,,,*
≈≈≈


You could see a spatial vortex.

Vanquished Creatures
  A shadow (D)
  A water elemental (D)
  A jelly (D)
  A wolf (D)
  Jessica (D)
  A human (D)
  3 rats (D)
9 creatures vanquished.

Vanquished Creatures (others)
  2 draconian scorchers (D)
  A yaktaur (D)
  An electric eel (D)
4 creatures vanquished.

Grand Total: 13 creatures vanquished

Notes
Turn   | Place    | Note
--------------------------------------------------------------
     0 | D        | Kidiri the Spriggan Enchanter began the quest for the Orb.
     0 | D        | Reached XP level 1. HP: 9/9 MP: 5/5
    22 | D        | Noticed Jessica
    26 | D        | Killed Jessica
    26 | D        | Reached skill level 5 in Dodging
    26 | D        | Reached skill level 6 in Stealth
    26 | D        | Reached XP level 2. HP: 13/13 MP: 6/8
    30 | D        | Learned a level 2 spell: Ensorcelled Hibernation
    65 | D        | Noticed a wolf
    68 | D        | Killed a wolf
    68 | D        | Reached skill level 7 in Stealth
    68 | D        | Reached XP level 3. HP: 16/16 MP: 10/10
    79 | D        | Learned a level 3 spell: Confuse
    83 | D        | Learned a level 3 spell: Tukima's Dance
   110 | D        | Reached skill level 5 in Spellcasting
   110 | D        | Reached skill level 1 in Ice Magic
   110 | D        | Reached XP level 4. HP: 21/21 MP: 4/12
   115 | D        | Learned a level 3 spell: Dazzling Spray
   184 | D        | Killed a white draconian scorcher
   237 | D        | Killed an electric eel
   268 | D        | Killed a yaktaur
   276 | D        | Gained mutation: Your spells are a little easier to cast, but a little less powerful. [potion of mutation]
   276 | D        | Gained mutation: You are dopey. (Int -2) [potion of mutation]
   276 | D        | Gained mutation: You are clumsy. (Dex -2) [potion of mutation]
   277 | D        | Lost mutation: You are dopey. (Int -2) [potion of cure mutation]
   277 | D        | Lost mutation: Your spells are a little easier to cast, but a little less powerful. [potion of cure mutation]
   277 | D        | Lost mutation: You are clumsy. (Dex -2) [potion of cure mutation]
   277 | D        | Killed a white draconian scorcher
   278 | D        | Gained mutation: You are agile. (Dex +2) [potion of mutation]
   278 | D        | Gained mutation: You passively map a small area around you. [potion of mutation]
   278 | D        | Gained mutation: You have a pair of small antennae on your head. [potion of mutation]
   342 | D        | Noticed a water elemental
   363 | D        | Killed a water elemental
   363 | D        | Reached skill level 8 in Stealth
   363 | D        | Reached skill level 5 in Hexes
   567 | D        | Noticed a jelly
   568 | D        | Noticed a shadow
   570 | D        | Killed a shadow
   570 | D        | Reached skill level 10 in Stealth
   570 | D        | Reached XP level 5. HP: 24/24 MP: 14/16
   570 | D        | Reached XP level 6. HP: 28/28 MP: 14/17
   574 | D        | Killed a jelly
   579 | D        | Found a stormy altar of Qazlal.
   579 | D        | Noticed a spatial vortex
   580 | D        | Found a sacrificial altar of Ru.
   580 | D        | Found a burning altar of Makhleb.
   580 | D        | Found a viscous altar of Jiyva.
   580 | D        | Found a shimmering altar of Xom.
   580 | D        | Found a shadowy altar of Dithmenos.
   580 | D        | Found a sparkling altar of Nemelex Xobeh.
   580 | D        | Found a corrupted altar of Lugonu.
   580 | D        | Found an opulent altar of Gozag.
   584 | D        | Became a worshipper of Dithmenos the Shadowed
   607 | D        | Slain by a spatial vortex

Vault maps used:
D:        dungeon_sprint_mu

Action                   |  1- 3 |  4- 6 || total
-------------------------+-------+-------++-------
Melee: Dagger            |     8 |    16 ||    24
 Cast: Ensorcelled Hiber |     2 |       ||     2
       Confuse           |     1 |       ||     1
       Dazzling Spray    |       |     8 ||     8
  Use: Potion            |       |     4 ||     4
       Scroll            |       |     3 ||     3
 Stab: Sleeping          |     6 |     2 ||     8
